 Dungeon Crawl Stone Soup version 0.28-a0-1190-g77e1c55843 (webtiles) character file.

Game seed: 995664205523850235

427 mandarbmax the Conjurer (level 6, -4/45 HPs)
             Began as a Draconian Conjurer on Dec 18, 2021.
             Was an Initiate of Ru.
             Killed from afar by Ijyb (26 damage)
             ... with a bolt of acid
             ... on level 3 of the Dungeon.
             The game lasted 00:10:19 (4943 turns).

mandarbmax the Conjurer (Draconian Conjurer)        Turns: 4943, Time: 00:10:20

Health: -4/45      AC:  6    Str:  9    XL:     6   Next: 65%
Magic:  0/12       EV: 12    Int: 20    God:    Ru [......]
Gold:   276        SH:  0    Dex: 10    Spells: 7/13 levels left

rFire   . . .      SeeInvis .   d - staff of cold
rCold   + . .      Faith    .   (no shield)
rNeg    . . .      Spirit   +   (armour unavailable)
rPois   .          Reflect  .   (helmet restricted)
rElec   .          Harm     .   (no cloak)
rCorr   .          Rampage  .   (no gloves)
Will    .....                   (no boots)
Stlth   ++........              r - amulet of guardian spirit
HPRegen 0.15/turn               (no ring)
MPRegen 0.13/turn               (no ring)

@: no status effects
A: AC +6, unfitting armour, cold-blooded
a: Renounce Religion


You were on level 3 of the Dungeon.
You worshipped Ru.
Ru was noncommittal.
You visited 1 branch of the dungeon, and saw 4 of its levels.

You collected 276 gold pieces.

Inventory:

Magical Staves
 d - a staff of cold (weapon)
Jewellery
 r - an amulet of guardian spirit (around neck)
Wands
 k - a wand of digging (3)
Scrolls
 c - 3 scrolls of amnesia {unknown}
 e - a scroll of noise {unknown}
 f - a scroll of holy word {unknown}
 g - 3 scrolls of teleportation {unknown}
 o - 6 scrolls of identify {unknown}
 p - 2 scrolls of vulnerability {unknown}
 q - a scroll of enchant armour {unknown}
 s - a scroll of magic mapping {unknown}
 t - 3 scrolls of enchant weapon {unknown}
Potions
 a - 2 potions of heal wounds {unknown}
 b - 3 potions of flight {unknown}
 h - a potion of curing
 j - a potion of degeneration {unknown}
 l - a potion of attraction {unknown}
 m - a potion of cancellation {unknown}
 n - a potion of ambrosia {unknown}


   Skills:
 - Level 2.0 Dodging
 - Level 1.7 Stealth
 + Level 4.0 Spellcasting
 * Level 7.0 Conjurations


You had 7 spell levels left.
You knew the following spells:

 Your Spells              Type           Power      Damage    Failure   Level
a - Magic Dart            Conj           100%       1d8       1%          1
b - Searing Ray           Conj           64%        2d6       1%          2
c - Dazzling Flash        Conj/Hex       36%        N/A       9%          3

Your spell library contained the following spells:

 Spells                   Type           Power      Damage    Failure   Level
 Fulminant Prism          Conj/Hex       9%         3d7       30%         4
 Iskenderun's Mystic Bla  Conj/Tloc      18%        2d6       30%         4


Dungeon Overview and Level Annotations

Branches:
Dungeon (4/15)
 Temple: D:4-7

Altars:
Ru
Trog

Shops:
D:1 =

Annotations:
D:3 Ijyb


Innate Abilities, Weirdness & Mutations

Your plain brown scales are hard. (AC +6)
You cannot fit into any form of body armour.
You are cold-blooded and may be slowed by cold attacks.


Message History

Ouch! That really hurt!
The acid corrodes you!
You start resting.
Ijyb is nearby!
Casting: Magic Dart (safe; 1% risk of failure)
Confirm with . or Enter, or press ? or * to list all spells.
Casting: Dazzling Flash (dangerous; 9% risk of failure)
Press: ? - help, Dir - look around, f - activate Ijyb is dazzled.
You completely miss Ijyb. You tail-slap Ijyb, but do no damage.
Ijyb misses you. Ijyb barely misses you.
You strike the helpless Ijyb from behind!
You hit Ijyb but do no damage.
Really read the scroll of immolation?
As you read the scroll of immolation, it crumbles to dust.
The creatures around you are filled with an inner flame!
You are no longer corroded.
Casting: Dazzling Flash (dangerous; 9% risk of failure)
Confirm with . or Enter, or press ? or * to list all spells.
Aiming: Magic Dart (safe; 1% risk of failure)
Press: ? - help, Shift-Dir - straight line, f - Ijyb
Aim: Ijyb, wielding a +0 club, wearing a +0 chain mail and carrying a wand of acid (3) (inner flame, blind, 100% to hit)
The magic dart hits Ijyb!
Flame seeps out of Ijyb.
Ijyb is moderately wounded.
Ijyb is engulfed in blazing flames.
Flame seeps out of Ijyb.
Ijyb drinks a potion.
Ijyb is healed!
Ijyb is no longer blind.
Ijyb is engulfed in blazing flames.
Flame seeps out of Ijyb.
Casting: Magic Dart (safe; 1% risk of failure)
Confirm with . or Enter, or press ? or * to list all spells.
Aiming: Magic Dart (safe; 1% risk of failure)
Press: ? - help, Shift-Dir - straight line, f/p - Ijyb
Aim: Ijyb, wielding a +0 club, wearing a +0 chain mail and carrying a wand of acid (3) (moderately wounded, inner flame, 100% to hit)
The magic dart hits Ijyb!
Flame seeps out of Ijyb.
Ijyb is severely wounded.
Ijyb is engulfed in blazing flames.
Flame seeps out of Ijyb.
Okay, then.
Ijyb zaps a wand.
The bolt of acid hits you!!
Ouch! That really hurt!
You die...

#.....g....
#P...P.......
######.########.#
#P.......<#.#
#......#####
#.#...PPPPP###.#..
#..........#
#.......######.#.#
#......###.# #.#.....#
#..... #......# #.#
#.#.....# #..#.#
#......# #.# #.#######
#..#.# ######## #.# #.#
#..#.# ###.####@#######
#..#.# #..>..g........#
#...(. #....†########.#
#.#.. #.....# #.##
#.#.# ###.### ##..#
#....
#.#########...#######.#
#......................
###...#####....######.#
#...# #.....# #.#


You could see Ijyb (inner flame).

Vanquished Creatures
  A phantom (D:2)
  A scorpion (D:4)
  A water moccasin skeleton (D:4)
  A centaur skeleton (D:4)
  Terence (D:1)
  An iguana (D:4)
  3 gnolls (D:4)
  3 adders
  2 adder skeletons (D:4)
  2 worms
  A dart slug (D:4)
  An orc (D:4)
  8 ball pythons
  8 bats
  11 endoplasms
  3 giant cockroaches
  6 goblins
  6 hobgoblins
  10 jackals
  5 quokkas
  9 frilled lizards
  4 kobolds
  7 rats
95 creatures vanquished.

Vanquished Creatures (others)
  4 fungi
  A plant (D:4)
  3 toadstools (D:3)
8 creatures vanquished.

Grand Total: 103 creatures vanquished

Notes
Turn   | Place    | Note
-------+----------+-------------------------------------------
     0 | D:1      | mandarbmax the Draconian Conjurer began the quest for the
                  | Orb.
     0 | D:1      | Reached XP level 1. HP: 14/14 MP: 3/3
     2 | D:1      | Noticed an octopode
     4 | D:1      | Noticed an ogre
     4 | D:1      | Noticed a merfolk
     6 | D:1      | Noticed an elf
     8 | D:1      | Noticed a vampire
    12 | D:1      | Noticed a minotaur
    12 | D:1      | Noticed a draconian
    14 | D:1      | Noticed a gargoyle
    14 | D:1      | Noticed a tengu
    16 | D:1      | Noticed a demonspawn
    16 | D:1      | Noticed a felid
    18 | D:1      | Noticed a troll
    18 | D:1      | Noticed a ghoul
    20 | D:1      | Noticed a vine stalker
    20 | D:1      | Noticed a demigod
    22 | D:1      | Noticed a human
    22 | D:1      | Noticed a naga
    24 | D:1      | Noticed a dwarf
    24 | D:1      | Noticed a spriggan
    26 | D:1      | Noticed a formicid
   480 | D:1      | Reached XP level 2. HP: 20/20 MP: 3/5
   680 | D:1      | Found Nuucac's Jewellery Shoppe.
   935 | D:1      | Reached XP level 3. HP: 26/26 MP: 3/6
  1327 | D:1      | Learned a level 2 spell: Searing Ray
  1928 | D:2      | Found a faded altar of an unknown god.
  1971 | D:2      | Reached skill level 5 in Conjurations
  2113 | D:2      | Noticed Terence
  2185 | D:1      | Killed Terence
  2186 | D:1      | Reached XP level 4. HP: 33/33 MP: 3/8
  2479 | D:2      | Noticed a phantom
  2499 | D:2      | Killed a phantom
  2500 | D:2      | Reached XP level 5. HP: 18/38 MP: 1/9
  3297 | D:3      | Noticed Ijyb
  3512 | D:4      | Learned a level 3 spell: Dazzling Flash
  3605 | D:4      | Found a bloodstained altar of Trog.
  3744 | D:4      | Reached skill level 6 in Conjurations
  3980 | D:4      | Found a sacrificial altar of Ru.
  4000 | D:4      | Reached XP level 6. HP: 45/45 MP: 4/11
  4014 | D:4      | Became a worshipper of Ru the Awakened
  4797 | D:3      | Reached skill level 7 in Conjurations
  4943 | D:3      | Killed from afar by Ijyb

Illustrated notes

Levels and vault maps discovered:
D:1:      kb_arrival_jail, layout_loops_ring, serial_shops,
          nicolae_shop_statue_plus
D:2:      layout_loops_corners, hellmonk_ecumenical_altar_blasted,
          serial_park_tiny_2, minmay_lizard_king, uniq_terence
D:3:      layout_basic, nicolae_overflow_crystal_walls,
          minmay_gold_behind_fungi, uniq_grinder, uniq_ijyb, uniq_jessica
D:4:      layout_gridville, mainiacjoe_overflow_alcove_1,
          nicolae_ru_the_path_less_chosen, corner_web_ring

Skill      XL: |  1  2  3  4  5  6 |
---------------+-------------------+-----
Dodging        | 2 |  2.0
Conjurations   | 5 6 7 |  7.0
Spellcasting   | 3 4 |  4.0
Stealth        | |  1.7

Action                   |  1- 3 |  4- 6 || total
-------------------------+-------+-------++-------
Melee: Unarmed           |    41 |       ||    41
       Tailslap          |     4 |     3 ||     7
       Staff             |       |    30 ||    30
 Cast: Magic Dart        |    83 |    80 ||   163
       Searing Ray       |     2 |    14 ||    16
       Dazzling Flash    |       |     1 ||     1
  Use: Scroll            |       |     1 ||     1
 Stab: Invisible         |       |     1 ||     1
Armor: Skin              |    37 |    15 ||    52
Dodge: Dodged            |    46 |    22 ||    68

Table legend: (Time is in decaauts)
 A = Elapsed time spent in this place.
 B = Non-inter-level travel time spent in this place.
 C = Inter-level travel time spent in this place.
 D = Time resting spent in this place.
 E = Time spent auto-exploring this place.
 F = Levels seen in this place.
 G = Mean time per level.
                   A        B        C        D        E       F      G
               +--------+--------+--------+--------+--------+-----+--------+
         Total |   4950 |   4872 |     78 |    716 |   3490 |   4 | 1237.5 |
       Dungeon |   4950 |   4872 |     78 |    716 |   3490 |   4 | 1237.5 |
               +--------+--------+--------+--------+--------+-----+--------+

Top non-repeatable levels by time:
     D:1: 1853 daAuts
     D:4: 1483 daAuts
     D:2: 1340 daAuts
     D:3: 273 daAuts
